[ PARTIDA AOE2 · #506914252 ]
UnrankedTupíes vs Maya
Equipo del jugador · DERR
Equipo rival · VICT
[ ANÁLISIS DE REPETICIÓN · EXTRAÍDO DE LA PARTIDA GRABADA ]
Feudal
10:05
Castillos
13:35
Imperial
32:13
| APM promedio | 46.0 |
| APM pico | 103 |
| eAPM promedio | 23.0 |
| Aldeanos / militares | 126 / 6 |
Foco
⚔️ 44.9% · 🌾 55.1%
Unknown (2579) ×71 · Unknown (2550) ×70 · Trebuchet (Packed) ×5 · Mangonel ×1
Feudal
8:54
Castillos
20:10
Imperial
31:54
| APM promedio | 83.2 |
| APM pico | 143 |
| eAPM promedio | 46.1 |
| Aldeanos / militares | 163 / 139 |
Foco
⚔️ 65.2% · 🌾 34.8%
Plumed Archer ×75 · Skirmisher ×21 · Archer ×13 · Trebuchet (Packed) ×12 · Militia ×9 · Mangonel ×5
Mapa de la partida
Recursos iniciales + cada clic de construcción. Líneas = muros · curvas = relieve. ◆ oro · ⬟ piedra · ● bayas · ✦ reliquia · ◌ hueco del cierre
Tu base· ✓ Cerrada en 13:35 · 1t muro · 3 puerta(s)
Base de NOC | Mati· ✓ Cerrada en 20:10 · 0t muro · 2 puerta(s)
Terreno inicial suavizado · ◌ = hueco del cierre detectado · pasá el cursor para detalles
Inputs por minuto
— buddybadi - - NOC | Mati
Build order — buddybadi
Primeras 150 de 354 acciones detectadas
| 0:00 | Crear | Villager (Male) |
| 0:01 | Crear | Villager (Male) |
| 0:01 | Crear | Villager (Male) |
| 0:02 | Construir | House |
| 0:04 | Construir | House |
| 0:43 | Crear | Villager (Male) |
| 1:07 | Crear | Villager (Male) |
| 1:36 | Crear | Villager (Male) |
| 1:59 | Crear | Villager (Male) |
| 2:11 | Construir | Settlement |
| 2:22 | Crear | Villager (Male) |
| 2:53 | Crear | Villager (Male) |
| 3:34 | Crear | Villager (Male) |
| 3:55 | Crear | Villager (Male) |
| 4:22 | Construir | Settlement |
| 4:25 | Crear | Villager (Male) |
| 4:48 | Crear | Villager (Male) |
| 5:18 | Crear | Villager (Male) |
| 5:39 | Crear | Villager (Male) |
| 5:46 | Crear | Villager (Male) |
| 5:46 | Crear | Villager (Male) |
| 6:25 | Crear | Villager (Male) |
| 6:52 | Construir | Farm |
| 6:54 | Crear | Villager (Male) |
| 7:51 | Investigar | Feudal Age |
| 8:02 | Construir | Farm |
| 9:15 | Construir | House |
| 9:23 | Construir | House |
| 9:40 | Crear | Villager (Male) |
| 9:41 | Crear | Villager (Male) |
| 9:48 | Construir | House |
| 9:50 | Construir | House |
| 9:54 | Construir | House |
| 10:05 | Edad | Edad Feudal |
| 10:09 | Construir | Blacksmith |
| 10:11 | Construir | Market |
| 10:18 | Investigar | Loom |
| 10:52 | Investigar | Castle Age |
| 11:03 | Construir | Watch Tower |
| 11:22 | Investigar | Double-Bit Axe |
| 11:57 | Crear | Villager (Male) |
| 12:16 | Construir | Gate |
| 12:26 | Construir | Stone Wall |
| 12:33 | Crear | Villager (Male) |
| 12:40 | Construir | House |
| 12:57 | Crear | Villager (Male) |
| 13:12 | Crear | Villager (Male) |
| 13:35 | Edad | Edad de los Castillos |
| 13:36 | Crear | Villager (Male) |
| 13:47 | Construir | Town Center |
| 14:36 | Construir | Siege Workshop |
| 15:02 | Crear | Villager (Male) |
| 15:31 | Crear | Villager (Male) |
| 15:31 | Crear | Villager (Male) |
| 15:40 | Crear | Mangonel |
| 15:43 | Crear | Villager (Male) |
| 16:06 | Crear | Villager (Male) |
| 16:11 | Construir | Farm |
| 16:14 | Crear | Villager (Male) |
| 16:42 | Crear | Villager (Male) |
| 16:42 | Crear | Villager (Male) |
| 16:49 | Construir | Farm |
| 16:52 | Construir | Farm |
| 17:02 | Crear | Villager (Male) |
| 17:02 | Crear | Villager (Male) |
| 17:49 | Crear | Villager (Male) |
| 17:56 | Construir | Farm |
| 18:02 | Crear | Villager (Male) |
| 18:17 | Construir | Farm |
| 18:21 | Crear | Villager (Male) |
| 18:25 | Crear | Villager (Male) |
| 18:32 | Construir | Farm |
| 18:44 | Construir | House |
| 18:52 | Crear | Villager (Male) |
| 19:00 | Construir | Farm |
| 19:02 | Construir | Farm |
| 19:15 | Crear | Villager (Male) |
| 19:18 | Construir | Farm |
| 19:21 | Construir | Farm |
| 19:33 | Crear | Villager (Male) |
| 19:53 | Crear | Villager (Male) |
| 19:55 | Construir | Farm |
| 19:56 | Construir | Farm |
| 19:57 | Construir | Farm |
| 20:01 | Construir | House |
| 20:17 | Crear | Villager (Male) |
| 20:17 | Crear | Villager (Male) |
| 20:22 | Construir | Farm |
| 20:25 | Construir | Farm |
| 20:26 | Crear | Villager (Male) |
| 20:48 | Crear | Villager (Male) |
| 20:49 | Crear | Villager (Male) |
| 21:04 | Construir | House |
| 21:05 | Crear | Villager (Male) |
| 21:15 | Crear | Villager (Male) |
| 21:22 | Construir | Farm |
| 21:25 | Construir | Farm |
| 21:27 | Construir | Farm |
| 21:29 | Investigar | Horse Collar |
| 21:35 | Crear | Villager (Male) |
| 21:36 | Crear | Villager (Male) |
| 21:44 | Construir | House |
| 21:48 | Crear | Villager (Male) |
| 21:49 | Crear | Villager (Male) |
| 21:53 | Construir | Farm |
| 22:02 | Crear | Villager (Male) |
| 22:16 | Construir | House |
| 22:17 | Crear | Villager (Male) |
| 22:33 | Construir | Farm |
| 22:34 | Construir | Farm |
| 22:44 | Construir | House |
| 22:48 | Crear | Villager (Male) |
| 22:54 | Crear | Villager (Male) |
| 22:58 | Investigar | Wheelbarrow |
| 23:12 | Crear | Villager (Male) |
| 23:12 | Crear | Villager (Male) |
| 23:37 | Construir | Castle |
| 23:46 | Crear | Villager (Male) |
| 23:47 | Crear | Villager (Male) |
| 23:52 | Investigar | Fletching |
| 23:58 | Construir | University |
| 24:02 | Construir | Farm |
| 24:04 | Construir | Farm |
| 24:06 | Investigar | Bow Saw |
| 24:06 | Investigar | Bow Saw |
| 24:20 | Crear | Villager (Male) |
| 24:21 | Crear | Villager (Male) |
| 24:57 | Crear | Villager (Male) |
| 24:57 | Crear | Villager (Male) |
| 25:00 | Investigar | Bodkin Arrow |
| 25:08 | Investigar | Ballistics |
| 25:12 | Crear | Unit 2579 |
| 25:23 | Crear | Villager (Male) |
| 25:23 | Crear | Villager (Male) |
| 25:25 | Construir | Farm |
| 25:34 | Crear | Unit 2579 |
| 25:36 | Crear | Villager (Male) |
| 25:44 | Investigar | Gold Mining |
| 25:45 | Crear | Villager (Male) |
| 26:08 | Crear | Villager (Male) |
| 26:16 | Construir | Farm |
| 26:23 | Construir | Settlement |
| 26:24 | Crear | Villager (Male) |
| 26:25 | Crear | Villager (Male) |
| 26:35 | Crear | Unit 2579 |
| 26:38 | Crear | Unit 2579 |
| 26:43 | Crear | Villager (Male) |
| 26:43 | Crear | Villager (Male) |
| 26:48 | Crear | Unit 2579 |
| 26:48 | Crear | Unit 2579 |
Build order — NOC | Mati
Primeras 150 de 498 acciones detectadas
| 0:00 | Investigar | Loom |
| 0:01 | Crear | Villager (Male) |
| 0:01 | Crear | Villager (Male) |
| 0:02 | Construir | House |
| 0:03 | Construir | House |
| 0:35 | Crear | Villager (Male) |
| 1:26 | Crear | Villager (Male) |
| 1:26 | Crear | Villager (Male) |
| 1:50 | Construir | Lumber Camp |
| 1:53 | Crear | Villager (Male) |
| 2:24 | Crear | Villager (Male) |
| 2:49 | Crear | Villager (Male) |
| 3:10 | Crear | Villager (Male) |
| 3:33 | Crear | Villager (Male) |
| 3:49 | Construir | House |
| 3:59 | Crear | Villager (Male) ×2 |
| 4:03 | Construir | Mill |
| 4:45 | Crear | Villager (Male) |
| 4:47 | Crear | Villager (Male) |
| 4:56 | Construir | House |
| 5:14 | Crear | Villager (Male) |
| 5:23 | Crear | Villager (Male) |
| 5:26 | Crear | Villager (Male) |
| 5:56 | Crear | Villager (Male) |
| 6:23 | Construir | House |
| 6:44 | Investigar | Feudal Age |
| 6:44 | Investigar | Feudal Age |
| 7:21 | Construir | Mining Camp |
| 7:24 | Crear | Villager (Male) |
| 8:03 | Construir | Barracks |
| 8:50 | Crear | Villager (Male) |
| 8:54 | Edad | Edad Feudal |
| 9:01 | Construir | Watch Tower |
| 9:16 | Construir | Archery Range |
| 9:24 | Crear | Villager (Male) |
| 9:34 | Crear | Villager (Male) |
| 9:38 | Construir | House |
| 9:46 | Investigar | Double-Bit Axe |
| 10:10 | Crear | Archer |
| 10:11 | Crear | Villager (Male) |
| 10:19 | Crear | Villager (Male) |
| 10:35 | Construir | Mining Camp |
| 10:43 | Crear | Archer |
| 10:49 | Crear | Villager (Male) |
| 11:17 | Crear | Villager (Male) |
| 11:27 | Construir | Blacksmith |
| 11:45 | Construir | Watch Tower |
| 11:49 | Crear | Villager (Male) |
| 11:52 | Crear | Archer |
| 12:00 | Investigar | Fletching |
| 12:14 | Crear | Villager (Male) |
| 12:23 | Construir | House |
| 12:24 | Construir | House |
| 12:28 | Crear | Archer |
| 13:05 | Crear | Archer |
| 13:11 | Crear | Villager (Male) |
| 13:12 | Crear | Villager (Male) |
| 13:31 | Crear | Villager (Male) |
| 13:36 | Crear | Villager (Male) |
| 13:39 | Construir | Farm |
| 13:40 | Construir | Farm |
| 13:56 | Crear | Villager (Male) |
| 14:11 | Construir | Watch Tower |
| 14:26 | Construir | Watch Tower |
| 14:26 | Crear | Villager (Male) |
| 14:33 | Construir | Farm |
| 14:38 | Crear | Villager (Male) |
| 14:39 | Construir | Farm |
| 14:44 | Construir | Farm |
| 14:46 | Construir | Farm |
| 14:54 | Crear | Villager (Male) |
| 14:56 | Construir | Farm |
| 15:02 | Construir | Farm |
| 15:32 | Crear | Villager (Male) |
| 15:36 | Construir | Farm |
| 15:38 | Construir | Farm |
| 15:55 | Construir | Farm |
| 15:59 | Construir | Farm |
| 17:30 | Investigar | Castle Age |
| 17:41 | Investigar | Horse Collar |
| 18:01 | Construir | Farm |
| 18:21 | Construir | House |
| 18:22 | Construir | House |
| 18:40 | Construir | House |
| 18:43 | Crear | Villager (Male) |
| 18:44 | Crear | Eagle Scout |
| 19:02 | Construir | House |
| 19:23 | Crear | Archer |
| 19:23 | Crear | Archer |
| 19:31 | Construir | House |
| 19:54 | Crear | Archer |
| 20:00 | Crear | Archer |
| 20:10 | Edad | Edad de los Castillos |
| 20:12 | Crear | Villager (Male) |
| 20:15 | Construir | Monastery |
| 20:20 | Construir | Town Center |
| 20:28 | Investigar | Bodkin Arrow |
| 20:29 | Crear | Villager (Male) |
| 20:44 | Crear | Villager (Male) |
| 20:50 | Crear | Villager (Male) |
| 21:02 | Crear | Villager (Male) |
| 21:05 | Crear | Monk |
| 21:09 | Construir | House |
| 21:10 | Construir | House |
| 21:30 | Crear | Monk |
| 21:49 | Crear | Villager (Male) |
| 21:52 | Construir | Town Center |
| 21:54 | Crear | Villager (Male) |
| 21:59 | Investigar | Wheelbarrow |
| 22:14 | Crear | Villager (Male) |
| 22:28 | Crear | Archer |
| 22:34 | Crear | Villager (Male) |
| 22:35 | Construir | Farm |
| 22:41 | Construir | Farm |
| 22:43 | Construir | Farm |
| 22:48 | Construir | Farm |
| 23:02 | Crear | Villager (Male) |
| 23:21 | Construir | Farm |
| 23:23 | Construir | Farm |
| 23:25 | Crear | Villager (Male) |
| 23:50 | Construir | Outpost |
| 23:51 | Construir | Outpost |
| 23:55 | Crear | Archer |
| 23:56 | Crear | Villager (Male) |
| 24:18 | Crear | Villager (Male) |
| 24:19 | Crear | Villager (Male) |
| 24:22 | Crear | Villager (Male) |
| 24:25 | Construir | University |
| 24:26 | Crear | Villager (Male) |
| 24:32 | Construir | Farm |
| 24:34 | Crear | Villager (Male) |
| 24:35 | Crear | Villager (Male) |
| 24:46 | Crear | Villager (Male) |
| 24:51 | Crear | Villager (Male) |
| 25:19 | Construir | Outpost |
| 25:22 | Investigar | Crossbowman (upgrade) |
| 25:22 | Crear | Villager (Male) |
| 25:24 | Crear | Villager (Male) |
| 25:24 | Crear | Villager (Male) |
| 25:25 | Crear | Villager (Male) |
| 25:37 | Construir | Castle |
| 25:47 | Crear | Villager (Male) |
| 25:49 | Crear | Villager (Male) |
| 25:51 | Construir | House |
| 25:51 | Construir | House |
| 25:54 | Construir | Market |
| 26:00 | Crear | Villager (Male) |
| 26:08 | Crear | Villager (Male) |
| 26:10 | Construir | Siege Workshop |
| 26:13 | Crear | Villager (Male) |
Cronología de la partida
| 8:03 | NOC | Mati · first_building Barracks |
| 8:54 | NOC | Mati · age_up feudal |
| 9:16 | NOC | Mati · first_building Archery Range |
| 10:05 | buddybadi · age_up feudal |
| 12:26 | buddybadi · wall_segment Stone Wall x1 |
| 13:35 | buddybadi · age_up castle |
| 14:36 | buddybadi · first_building Siege Workshop |
| 18:20 | buddybadi · first_market_buy 100 food |
| 20:10 | NOC | Mati · age_up castle |
| 20:15 | NOC | Mati · first_building Monastery |
| 23:37 | buddybadi · first_building Castle |
| 25:37 | NOC | Mati · first_building Castle |
| 26:10 | NOC | Mati · first_building Siege Workshop |
| 26:38 | buddybadi · first_market_sell 100 food |
| 28:36 | NOC | Mati · first_market_buy 100 food |
| 28:36 | NOC | Mati · first_market_sell 100 wood |
| 31:54 | NOC | Mati · age_up imperial |
| 32:13 | buddybadi · age_up imperial |
| 33:39 | NOC | Mati · wall_segment Stone Wall x1 |
| 33:41 | NOC | Mati · wall_segment Stone Wall x1 |
| 39:39 | buddybadi · first_building Barracks |
| 44:09 | NOC | Mati · wall_segment Stone Wall x7 |
| 46:52 | buddybadi · resign |
[ ANÁLISIS IA · 1 CRÉDITO ]
¿Qué pasó realmente en esta partida?
Wolo.gg analiza cada decisión: build order, eco, micro, errores típicos por bracket. Análisis personalizado por WhatsApp o Discord en 30 segundos.
Guía civ
Tupíes
Perfil
Jugador #8335776